TOP OF THE 1ST |
San Diego Padres batting - Pitching for San Francisco Giants : LHP Tim Costello
|
Pitching: LHP Tim Costello
|
|
Batting: RHB Dennis Dungy
|
0-0: SINGLE (Line Drive, 78M, EV 100.0 MPH)
|
Batting: RHB Bob Dernier
|
0-0: Ball 1-0: Ball Wild Pitch! Dennis Dungy to second 2-0: Called Strike 2-1: Ground out 3-1 (Groundball, 34, EV 105.0 MPH) Dennis Dungy to third
|
Batting: LHB Mike Cole
|
0-0: Foul Ball, location: 2F 0-1: Ground out 6-3 (Groundball, 6, EV 105.0 MPH) Dennis Dungy scores
|
Batting: RHB Eddy Martinez
|
0-0: Called Strike 0-1: Ball 1-1: Ball 2-1: Fly out, F8 (Flyball, 8RXD, EV 95.6 MPH)
|
Top of the 1st over - 1 run, 1 hit, 0 errors, 0 left on base; San Diego 1 - San Francisco 0 |
BOTTOM OF THE 1ST |
San Francisco Giants batting - Pitching for San Diego Padres : RHP Tony Archuleta
|
Pitching: RHP Tony Archuleta
|
|
Batting: SHB Kevin Bass
|
0-0: Ball 1-0: Ball 2-0: Called Strike 2-1: Foul Ball, location: 2F 2-2: Ball 3-2: Foul Ball, location: 2F 3-2: Ground out 4-3 (Groundball, 4, EV 79.4 MPH)
|
Batting: LHB Ken Griffey Sr
|
0-0: Called Strike 0-1: Ball 1-1: Ball 2-1: Ball 3-1: Base on Balls
|
Batting: LHB Keith Hernandez
|
0-0: Ball 1-0: Ball 2-0: Called Strike 2-1: Called Strike 2-2: Foul Ball, location: 2F 2-2: SINGLE (Groundball, 6D, EV 108.8 MPH) Ken Griffey Sr to second
|
Batting: RHB Phil Bailey
|
0-0: Ball 1-0: Ball 2-0: Ball 3-0: Base on Balls Ken Griffey Sr to third Keith Hernandez to second
|
Batting: RHB Don Slaught
|
0-0: Fly out, F8 (Flyball, 8RD, EV 95.0 MPH) Runner from 3rd tags up, SCORES, no throw by CF
|
Batting: SHB Tyler O'Dell
|
0-0: Ball 1-0: Foul Ball, location: 2F 1-1: Ball 2-1: Ball 3-1: Foul Ball, location: 2F 3-2: Base on Balls Keith Hernandez to third Phil Bailey to second
|
Batting: RHB Kevin Howard
|
0-0: Ball 1-0: Ball 2-0: Foul Ball, location: 2F 2-1: Foul Ball, location: 2F 2-2: Fly out, F8 (Line Drive, 8LD, EV 95.6 MPH)
|
Bottom of the 1st over - 1 run, 1 hit, 0 errors, 3 left on base; San Diego 1 - San Francisco 1 |
TOP OF THE 2ND |
San Diego Padres batting - Pitching for San Francisco Giants : LHP Tim Costello
|
Batting: RHB Mike Calise
|
0-0: Ball 1-0: Ball 2-0: Foul Ball, location: 2F 2-1: Foul Ball, location: 2F 2-2: Strikes out swinging
|
Batting: LHB Tom Dunbar
|
0-0: Foul Ball, location: 2F 0-1: Ball 1-1: Swinging Strike 1-2: Strikes out swinging
|
Batting: RHB Kelvin Moore
|
0-0: Ball 1-0: Ball 2-0: Fly out, F2 (Popup, 13S, EV 88.8 MPH)
|
Top of the 2nd over - 0 runs, 0 hits, 0 errors, 0 left on base; San Diego 1 - San Francisco 1 |
BOTTOM OF THE 2ND |
San Francisco Giants batting - Pitching for San Diego Padres : RHP Tony Archuleta
|
Batting: RHB Dickie Thon
|
0-0: Ball 1-0: Ground out 5-3 (Groundball, 56, EV 90.0 MPH)
|
Batting: LHB Tim Costello
|
0-0: Called Strike 0-1: Ball 1-1: Foul Ball, location: 2F 1-2: Ball 2-2: Foul Ball, location: 2F 2-2: Strikes out looking
|
Batting: SHB Kevin Bass
|
0-0: Fly out, F5 (Popup, 5SF, EV 83.8 MPH)
|
Bottom of the 2nd over - 0 runs, 0 hits, 0 errors, 0 left on base; San Diego 1 - San Francisco 1 |
TOP OF THE 3RD |
San Diego Padres batting - Pitching for San Francisco Giants : LHP Tim Costello
|
Batting: LHB Jeffrey Zitek
|
0-0: Ball 1-0: Swinging Strike 1-1: Swinging Strike 1-2: Ball 2-2: Strikes out swinging, 2-3 out at first.
|
Batting: LHB Tony Archuleta
|
0-0: Called Strike 0-1: Foul Ball, location: 2F 0-2: Strikes out swinging
|
Batting: RHB Dennis Dungy
|
0-0: Ball 1-0: Ball 2-0: Ball 3-0: Called Strike 3-1: Foul Ball, location: 2F 3-2: Base on Balls
|
Batting: RHB Bob Dernier
|
0-0: Ball 1-0: Ball 2-0: Foul Ball, location: 2F 2-1: Swinging Strike 2-2: Ball 3-2: Foul Ball, location: 2F 3-2: Base on Balls Dennis Dungy to second
|
Batting: LHB Mike Cole
|
0-0: Foul Ball, location: 2F 0-1: Ball 1-1: Foul Ball, location: 2F 1-2: Foul Ball, location: 2F 1-2: Foul Ball, location: 2F 1-2: SINGLE (Groundball, 34D, EV 103.8 MPH) Dennis Dungy to third Bob Dernier to second Runner from 3rd tries for Home, SAFE, throw by RF to home
|
Batting: RHB Eddy Martinez
|
0-0: Fielders Choice at 2nd, 5-4 (Groundball, 56, EV 78.8 MPH)
|
Top of the 3rd over - 1 run, 1 hit, 0 errors, 2 left on base; San Diego 2 - San Francisco 1 |
BOTTOM OF THE 3RD |
San Francisco Giants batting - Pitching for San Diego Padres : RHP Tony Archuleta
|
Batting: LHB Ken Griffey Sr
|
0-0: Swinging Strike 0-1: Ball 1-1: Ball 2-1: Foul Ball, location: 2F 2-2: SINGLE (Line Drive, 4MD, EV 94.4 MPH)
|
Batting: LHB Keith Hernandez
|
0-0: Grounds into double play, 5-4-3 (Groundball, 56S, EV 88.1 MPH)
|
Batting: RHB Phil Bailey
|
0-0: Ball 1-0: Called Strike 1-1: Foul Ball, location: 2F 1-2: Ball 2-2: Ball 3-2: Ground out 6-3 (Groundball, 56, EV 84.4 MPH)
|
Bottom of the 3rd over - 0 runs, 1 hit, 0 errors, 0 left on base; San Diego 2 - San Francisco 1 |
TOP OF THE 4TH |
San Diego Padres batting - Pitching for San Francisco Giants : LHP Tim Costello
|
Batting: RHB Mike Calise
|
0-0: Foul Ball, location: 2F 0-1: Ball 1-1: Called Strike 1-2: Strikes out swinging
|
Batting: LHB Tom Dunbar
|
0-0: Ball 1-0: Called Strike 1-1: Foul Ball, location: 2F 1-2: Ball 2-2: Fly out, F8 (Line Drive, 8LD, EV 87.5 MPH)
|
Batting: RHB Kelvin Moore
|
0-0: Foul Ball, location: 2F 0-1: Foul Ball, location: 2F 0-2: Foul Ball, location: 2F 0-2: Fly out, F9 (Flyball, 9LD, EV 94.4 MPH)
|
Top of the 4th over - 0 runs, 0 hits, 0 errors, 0 left on base; San Diego 2 - San Francisco 1 |
BOTTOM OF THE 4TH |
San Francisco Giants batting - Pitching for San Diego Padres : RHP Tony Archuleta
|
Batting: RHB Don Slaught
|
0-0: Called Strike 0-1: Ground out 4-3 (Groundball, 4, EV 86.3 MPH)
|
Batting: SHB Tyler O'Dell
|
0-0: Ball 1-0: Called Strike 1-1: Ground out 4-3 (Groundball, 4, EV 101.9 MPH)
|
Batting: RHB Kevin Howard
|
0-0: Ball 1-0: Called Strike 1-1: Ball 2-1: Called Strike 2-2: Fly out, F8 (Flyball, 8RS, EV 93.1 MPH)
|
Bottom of the 4th over - 0 runs, 0 hits, 0 errors, 0 left on base; San Diego 2 - San Francisco 1 |
TOP OF THE 5TH |
San Diego Padres batting - Pitching for San Francisco Giants : LHP Tim Costello
|
Batting: LHB Jeffrey Zitek
|
0-0: Ball 1-0: Ground out 5-3 (Groundball, 56S, EV 65.0 MPH)
|
Batting: LHB Tony Archuleta
|
0-0: Swinging Strike 0-1: Ground out 6-3 (Groundball, 56, EV 103.1 MPH)
|
Batting: RHB Dennis Dungy
|
0-0: Foul Ball, location: 2F 0-1: Called Strike 0-2: Ball 1-2: Ball 2-2: Strikes out swinging
|
Top of the 5th over - 0 runs, 0 hits, 0 errors, 0 left on base; San Diego 2 - San Francisco 1 |
BOTTOM OF THE 5TH |
San Francisco Giants batting - Pitching for San Diego Padres : RHP Tony Archuleta
|
Batting: RHB Dickie Thon
|
0-0: Ball 1-0: Ground out 5-3 (Groundball, 5S, EV 72.5 MPH)
|
Batting: LHB Tim Costello
|
0-0: Called Strike 0-1: Ground out 3-1 (Groundball, 23, EV 81.3 MPH)
|
Batting: SHB Kevin Bass
|
0-0: Ball 1-0: Ball 2-0: Called Strike 2-1: Fly out, F8 (Line Drive, 8RM, EV 91.9 MPH)
|
Bottom of the 5th over - 0 runs, 0 hits, 0 errors, 0 left on base; San Diego 2 - San Francisco 1 |
TOP OF THE 6TH |
San Diego Padres batting - Pitching for San Francisco Giants : LHP Tim Costello
|
Batting: RHB Bob Dernier
|
0-0: Bunt for hit to P - play at first, batter safe!
|
Batting: LHB Mike Cole
|
0-0: Ball 1-0: Ball 2-0: Foul Ball, location: 2F 2-1: Foul Ball, location: 2F 2-2: Fly out, F9 (Line Drive, 9, EV 101.3 MPH)
|
Batting: RHB Eddy Martinez
|
0-0: Called Strike Bob Dernier is caught stealing 2nd base 2-4 0-1: SINGLE (Flyball, 5D, EV 96.9 MPH)
|
Batting: RHB Mike Calise
|
0-0: Ball 1-0: Foul Ball, location: 2F 1-1: Foul Ball, location: 2F 1-2: Ball 2-2: Strikes out swinging
|
Top of the 6th over - 0 runs, 2 hits, 0 errors, 1 left on base; San Diego 2 - San Francisco 1 |
BOTTOM OF THE 6TH |
San Francisco Giants batting - Pitching for San Diego Padres : RHP Tony Archuleta
|
Batting: LHB Ken Griffey Sr
|
0-0: Foul Ball, location: 2F 0-1: Ball 1-1: Ball 2-1: Ball 3-1: SINGLE (Groundball, 5S, EV 63.8 MPH) (infield hit)
|
Batting: LHB Keith Hernandez
|
0-0: Fly out, F8 (Line Drive, 8LM, EV 95.6 MPH)
|
Batting: RHB Phil Bailey
|
0-0: Fly out, F9 (Flyball, 89M, EV 78.8 MPH)
|
Batting: RHB Don Slaught
|
0-0: Ball 1-0: Ball 2-0: SINGLE (Groundball, 56S, EV 73.1 MPH) (infield hit) Ken Griffey Sr to second
|
Batting: SHB Tyler O'Dell
|
0-0: 3-RUN HOME RUN (Flyball, 9D, EV 100.0 MPH), Distance : 390 ft
|
Batting: RHB Kevin Howard
|
0-0: Ball 1-0: Fly out, F8 (Line Drive, 8LM, EV 109.4 MPH)
|
Bottom of the 6th over - 3 runs, 3 hits, 0 errors, 0 left on base; San Diego 2 - San Francisco 4 |
TOP OF THE 7TH |
San Diego Padres batting - Pitching for San Francisco Giants : LHP Tim Costello
|
Batting: LHB Tom Dunbar
|
0-0: Ball 1-0: DOUBLE (Line Drive, 7LS, EV 98.8 MPH)
|
Batting: RHB Kelvin Moore
|
0-0: Ball 1-0: Ball 2-0: Foul Ball, location: 2F 2-1: Called Strike 2-2: Foul Ball, location: 2F 2-2: Fly out, F9 (Flyball, 89XD, EV 88.8 MPH) Runner from 2nd tags up, SAFE at 3rd, no throw by RF
|
Batting: LHB Jeffrey Zitek
|
0-0: Called Strike 0-1: Ball 1-1: Foul Ball, location: 2F 1-2: Ball 2-2: Foul Ball, location: 2F 2-2: Ball 3-2: Foul Ball, location: 2F 3-2: Strikes out swinging
|
Batting: LHB Tony Archuleta
|
0-0: Ball 1-0: Ball 2-0: Called Strike 2-1: SINGLE (Groundball, 34D, EV 103.8 MPH) Tom Dunbar scores
|
Batting: RHB Dennis Dungy
|
0-0: Ball 1-0: Ball 2-0: Called Strike 2-1: Ball 3-1: Swinging Strike 3-2: Base on Balls Tony Archuleta to second
|
Pitching: RHP Charles Davis
|
|
Batting: RHB Bob Dernier
|
0-0: Ball 1-0: Foul Ball, location: 2F 1-1: Fly out, F7 (Flyball, 7D, EV 105.0 MPH)
|
Top of the 7th over - 1 run, 2 hits, 0 errors, 2 left on base; San Diego 3 - San Francisco 4 |
BOTTOM OF THE 7TH |
San Francisco Giants batting - Pitching for San Diego Padres : RHP Tony Archuleta
|
Batting: RHB Dickie Thon
|
0-0: Called Strike 0-1: Ball 1-1: Ground out 6-3 (Groundball, P, EV 86.3 MPH)
|
Pinch Hitting: LHB Doug Frobel
|
0-0: Ball 1-0: Called Strike 1-1: Foul Ball, location: 2F 1-2: Ground out 6-3 (Groundball, 4M, EV 86.9 MPH)
|
Batting: SHB Kevin Bass
|
0-0: Ball 1-0: Swinging Strike 1-1: SINGLE (Line Drive, 7LS, EV 95.0 MPH)
|
Batting: LHB Ken Griffey Sr
|
0-0: Ball Kevin Bass is caught stealing 2nd base 2-6
|
Bottom of the 7th over - 0 runs, 1 hit, 0 errors, 0 left on base; San Diego 3 - San Francisco 4 |
TOP OF THE 8TH |
San Diego Padres batting - Pitching for San Francisco Giants : RHP Charles Davis
|
Pitching: LHP Doug Capilla
|
|
Batting: LHB Mike Cole
|
0-0: Called Strike 0-1: Ball 1-1: Ball 2-1: Foul Ball, location: 2F 2-2: Foul Ball, location: 2F 2-2: Ball 3-2: Fly out, F5 (Popup, 25F, EV 81.9 MPH)
|
Pitching: LHP Sheldon Burnside
|
|
Batting: RHB Eddy Martinez
|
0-0: Ball 1-0: Called Strike 1-1: Called Strike 1-2: Ball 2-2: Ball 3-2: Strikes out swinging
|
Batting: RHB Mike Calise
|
0-0: Foul Ball, location: 2F 0-1: Called Strike 0-2: Strikes out swinging
|
Top of the 8th over - 0 runs, 0 hits, 0 errors, 0 left on base; San Diego 3 - San Francisco 4 |
BOTTOM OF THE 8TH |
San Francisco Giants batting - Pitching for San Diego Padres : RHP Tony Archuleta
|
Batting: LHB Ken Griffey Sr
|
0-0: Called Strike 0-1: Ground out 5-3 (Groundball, 5S, EV 86.3 MPH)
|
Batting: LHB Keith Hernandez
|
0-0: Ball 1-0: Foul Ball, location: 2F 1-1: Foul Ball, location: 2F 1-2: Foul Ball, location: 2F 1-2: Ball 2-2: Foul Ball, location: 2F 2-2: Foul Ball, location: 2F 2-2: Foul Ball, location: 2F 2-2: Foul Ball, location: 2F 2-2: Ground out 6-3 (Groundball, 56, EV 88.8 MPH)
|
Batting: RHB Phil Bailey
|
0-0: Called Strike 0-1: Ball 1-1: Ball 2-1: Ball 3-1: Fly out, F8 (Flyball, 8LD, EV 87.5 MPH)
|
Bottom of the 8th over - 0 runs, 0 hits, 0 errors, 0 left on base; San Diego 3 - San Francisco 4 |
TOP OF THE 9TH |
San Diego Padres batting - Pitching for San Francisco Giants : LHP Sheldon Burnside
|
Pinch Hitting: RHB Tommy Curran
|
0-0: Called Strike 0-1: Swinging Strike 0-2: Ball 1-2: Strikes out swinging
|
Batting: RHB Kelvin Moore
|
0-0: Fly out, F9 (Flyball, 89D, EV 89.4 MPH)
|
Pinch Hitting: LHB Chris Chambliss
|
0-0: Called Strike 0-1: SINGLE (Flyball, 5D, EV 89.4 MPH)
|
Pinch Hitting: RHB Dave Edler
|
0-0: Foul Ball, location: 2F 0-1: Ball 1-1: Ball 2-1: Ball 3-1: Called Strike 3-2: Strikes out swinging
|
Top of the 9th over - 0 runs, 1 hit, 0 errors, 1 left on base; San Diego 3 - San Francisco 4 |
|